 Dungeon Crawl Stone Soup version 0.30-a0-137-gd8773701ce (webtiles) character file.

Game seed: 6563312337067372468

18 NinjaNoafa the Trooper (level 2, 27/27 HPs)
             Began as a Minotaur Monk on Sept 22, 2022.
             Quit the game on level 1 of the Dungeon.
             The game lasted 00:02:17 (1123 turns).

NinjaNoafa the Trooper (Minotaur Monk)              Turns: 1123, Time: 00:02:18

Health: 27/27      AC:  2    Str: 15    XL:     2   Next: 48%
Magic:  1/1        EV: 12    Int:  7    God:
Gold:   76         SH:  0    Dex: 12    Spells: 1/1 levels left

rFire   . . .      SeeInvis .    l - +2 dagger (freeze)
rCold   . . .      Faith    .    (no shield)
rNeg    . . .      Spirit   .    b - +0 robe
rPois   .          Reflect  .    (helmet restricted)
rElec   .          Harm     .    (no cloak)
rCorr   +          Rampage  .    (no gloves)
Will    .....                    (no boots)
Stlth   ++........               (no amulet)
HPRegen 0.09/turn                g - ring of resist corrosion
MPRegen 0.07/turn                (no ring)

@: no status effects
A: horns 2, retaliatory headbutt
a: no special abilities


You were on level 1 of the Dungeon.
You visited 1 branch of the dungeon, and saw 2 of its levels.

You collected 76 gold pieces.

Inventory:

Hand Weapons
 l - a +2 dagger of freezing (weapon)
Missiles
 i - 6 stones (quivered)
 j - 5 poisoned darts
Armour
 b - a +0 robe (worn)
Jewellery
 g - a ring of resist corrosion (left hand)
Scrolls
 d - 2 scrolls of identify {unknown}
 e - a scroll of teleportation {unknown}
 h - a scroll of blinking {unknown}
Potions
 c - a potion of ambrosia
 f - 2 potions of flight {unknown}
 k - a potion of heal wounds {unknown}


   Skills:
 - Level 4.0 Fighting
 + Level 0.0 Short Blades
 - Level 4.0 Axes
 - Level 1.4 Armour
 - Level 3.2 Dodging
 - Level 1.5 Stealth


You had one spell level left.
You didn't know any spells.
Your spell library contained the following spells:

 Spells                   Type           Power      Damage    Failure   Level
 Foxfire                  Conj/Fire      0%         2x1d4     43%         1
 Inner Flame              Hex/Fire       0%         N/A       80%         3
 Kindle Blastsparks       Fire/Tloc/Air  0%         2d10      80%         3
 Flame Wave               Conj/Fire      0%         2d4       99%         4
 Fireball                 Conj/Fire      0%         3d3       100%        5
 Iskenderun's Battlesphe  Conj           0%         2d6       100%        5
 Conjure Ball Lightning   Conj/Air       0%         3x3d6     100%        6
 Orb of Destruction       Conj           0%         9d5       100%        7


Dungeon Overview and Level Annotations

Branches:
Dungeon (2/15)

Altars:


Innate Abilities, Weirdness & Mutations

You have a pair of horns on your head.
You reflexively headbutt those who attack you in melee.


Message History

a +0 dagger; a goblin corpse You see here a +0 dagger.
i - 6 stones (gained 3)
You see here a +2 dagger of freezing.
k - a fuming ruby potion Done exploring.
Okay, then.
Done exploring.
Done exploring.
(D) Dungeon
Where to? (? - help)
You see here a +0 sling.
There is a stone staircase leading down here.
You climb downwards.
Found a book of Flames.
Found an escape hatch in the floor.
There is a stone staircase leading up here.
You climb upwards.
There is a stone staircase leading down here.
Okay, then.
You climb downwards.
There is a stone staircase leading up here.
You pick up a book of Flames and begin reading...
You add the spells Foxfire, Kindle Blastsparks, Inner Flame and Flame Wave to your library.
There is a stone staircase leading up here.
You climb upwards.
There is a stone staircase leading down here.
Okay, then.
Search for what [? for help]?
Okay, then.
Things that are here:
a +0 dagger; a goblin skeleton
Things that are here:
a +0 dagger; a goblin skeleton You see here a +0 dagger.
You see here a +2 dagger of freezing.
l - a +2 dagger of freezing Your +2 dagger of freezing glows with a cold blue light!
l - a +2 dagger of freezing (weapon)
You drop a +0 hand axe.
Are you sure you want to abandon this character and quit the game? (Confirm with "yes".)

###..........#.#.#.#.#
#.
..#......###...#...#.#
#.
#.#...#...###.#####..#
#######. #.#.#####.#
#.......## #.......
#.#...#...# ####.####
#...#### #...#.#.#.#
#.# #...# ##..#.#.#.#
#.# #...# ##.#...#.#
#)# #...# #.#####.#
#@# #...# #.......#
#.#########...####
#########
#.........#...#...
#.#########...#### #.#
#...# #.# #...# #.##
#...# #..# #...#
##.########...#


There were no monsters in sight!

Vanquished Creatures
  A ball python (D:1)
  5 bats (D:1)
  2 goblins (D:1)
  A hobgoblin (D:1)
  A quokka (D:1)
  3 frilled lizards (D:1)
  3 kobolds (D:1)
16 creatures vanquished.

Notes
Turn   | Place    | Note
-------+----------+-------------------------------------------
     0 | D:1      | NinjaNoafa the Minotaur Monk began the quest for the Orb.
     0 | D:1      | Reached XP level 1. HP: 19/19 MP: 0/0
   158 | D:1      | Reached skill level 1 in Armour
   467 | D:1      | Reached XP level 2. HP: 27/27 MP: 1/1
  1123 | D:1      | Quit the game

Illustrated notes

Levels and vault maps discovered:
D:1:      minmay_arrival_loop, layout_basic, serial_co_window_serial,
          co_window_corner_a, co_window_paths_b, co_window_corner_a,
          co_window_of_opportunity_a, co_window_corner_a,
          co_window_of_opportunity_c, co_window_broadway_b,
          co_window_of_opportunity_c, co_window_paths_d, glass_columns_a
D:2:      layout_loops_ring, hellmonk_ecumenical_altar_lost_god

Skill      XL: |  1  2 |
---------------+-------+-----
Armour         | 1 |  1.4
Fighting       | 4 |  4.0
Axes           | 4 |  4.0
Dodging        | |  3.2
Stealth        | |  1.5

Action                   || total
-------------------------++-------
Melee: Hand axe          ||    32
       Headbutt          ||     3
 Stab: Sleeping          ||     2
Armor: Robe              ||     8
Dodge: Dodged            ||    22

Table legend: (Time is in decaauts)
 A = Elapsed time spent in this place.
 B = Non-inter-level travel time spent in this place.
 C = Inter-level travel time spent in this place.
 D = Time resting spent in this place.
 E = Time spent auto-exploring this place.
 F = Levels seen in this place.
 G = Mean time per level.
                   A        B        C        D        E       F      G
               +--------+--------+--------+--------+--------+-----+--------+
         Total |   1126 |   1036 |     90 |      0 |    905 |   2 |  563.0 |
       Dungeon |   1126 |   1036 |     90 |      0 |    905 |   2 |  563.0 |
               +--------+--------+--------+--------+--------+-----+--------+

Top non-repeatable levels by time:
     D:1: 1117 daAuts
     D:2: 9 daAuts
